 Dungeon Crawl Stone Soup version 0.27-a0-1202-ge72e49191c (webtiles) character file.

Game seed: 717040232877224538

25 robertstho the Stinger (level 3, -9/42 HPs)
             Began as a Naga Venom Mage on June 2, 2021.
             Killed by divine providence
             ... invoked by an orc priest
              (15 damage)
             ... on level 2 of the Dungeon.
             The game lasted 00:02:15 (898 turns).

robertstho the Stinger (Naga Venom Mage)             Turns: 898, Time: 00:02:16

Health: -9/42      AC:  2    Str: 10    XL:     3   Next: 6%
Magic:  1/6        EV:  9    Int: 16    God:
Gold:   91         SH:  0    Dex: 11    Spells: 3/6 levels left

rFire    . . .     SeeInvis +   b - +4 quarterstaff
rCold    . . .     Faith    .   (shield currently unavailable)
rNeg     . . .     Spirit   .   a - +0 robe
rPois    +         Reflect  .   (no helmet)
rElec    .         Harm     .   (no cloak)
rCorr    .         Rampage  .   (no gloves)
Will     .....                  (no barding)
Stlth    ..........             (no amulet)
HPRegen  0.14/turn              (no ring)
MPRegen  0.10/turn              (no ring)

@: mighty, berserking, short of breath, quick
A: AC +1, large, see invisible, deformed body, poison resistance, slowness 2,
spit poison 1, naga tail 1
a: Spit Poison


You were on level 2 of the Dungeon.
You visited 1 branch of the dungeon, and saw 2 of its levels.

You collected 91 gold pieces.

Inventory:

Hand Weapons
 b - a +4 quarterstaff (weapon)
Armour
 a - a +0 robe (worn)
Scrolls
 h - a scroll of torment {unknown}
 i - a scroll of fog {unknown}
 j - a scroll of teleportation {unknown}
 l - a scroll of acquirement {unknown}
Potions
 c - a potion of might
 d - a potion of heal wounds {unknown}
 e - a potion of mutation {unknown}
 f - a potion of ambrosia {unknown}


   Skills:
 + Level 0.1 Staves
 + Level 1.6 Dodging
 * Level 3.3 Stealth
 * Level 2.3 Spellcasting
 * Level 1.2 Transmutations
 * Level 4.7 Poison Magic


You had 3 spell levels left.
You knew the following spells:

 Your Spells              Type           Power      Damage    Failure   Level
a - Sting                 Tmut/Pois      44%        1d5       6%          1
b - Poisonous Vapours     Pois/Air       18%        N/A       12%         2

Your spell library contained the following spells:

 Spells                   Type           Power      Damage    Failure   Level
 Ignite Poison            Fire/Tmut/Pois 8%         N/A       26%         3
 Mephitic Cloud           Conj/Pois/Air  6%         N/A       30%         3
 Olgreb's Toxic Radiance  Pois           17%        N/A       28%         4


Dungeon Overview and Level Annotations

Branches:
Dungeon (2/15)

Altars:

Shops:
D:1 [


Innate Abilities, Weirdness & Mutations

Your serpentine skin is tough. (AC +1)
You have supernaturally acute eyesight. (SInv)
Armour fits poorly on your strangely shaped body.
Your system is resistant to poisons. (rPois)
You cover ground very slowly.
You can spit poison.
You have a snake-like lower body.


Message History

Casting: Sting (safe; 6% risk of failure)
Confirm with . or Enter, or press ? or * to list all spells.
Aiming: Poisonous Vapours (safe; 12% risk of failure)
Press: ? - help, Dir - move target, f - orc priest, p - orc priest
Aim: an orc priest, wielding a +0 short sword Poisonous vapours surround the orc priest!
The orc priest is engulfed in poison gas.
The orc priest is poisoned.
The frilled lizard closely misses you.
The orc priest hits you with a +0 falchion.
Press: ? - help, Shift-Dir - straight line, f - orc priest, p - orc priest
Aim: an orc priest, wielding a +0 falchion and wearing a +0 leather armour (moderately wounded, poisoned)
The splash of poison hits the orc priest!
The orc priest looks even sicker.
The orc priest is almost dead.
The orc priest calls down the wrath of Beogh upon you.
Beogh smites you! The frilled lizard barely misses you.
The orc hits you with a +0 war axe.
* * * LOW HITPOINT WARNING * * *
The orc priest calls upon Beogh to heal the orc priest.
The orc priest is healed somewhat.
It was a potion of might.
You feel very mighty all of a sudden.
You kill the frilled lizard!
The orc priest calls upon Beogh to heal the orc priest.
The orc priest is healed somewhat.
The orc barely misses you.
The orc priest hits you with a +0 falchion.
* * * LOW HITPOINT WARNING * * *
It was a potion of curing.
You feel better.
The orc priest begins to cast a cantrip, but forgets the words!
A giant cockroach comes into view.
The orc hits you with a +0 war axe!
* * * LOW HITPOINT WARNING * * *
The orc priest invokes the aid of Beogh against you.
You barely resist.
It was a potion of berserk rage.
A red film seems to cover your vision as you go berserk!
You feel yourself moving faster!
You feel mighty!
The orc priest calls down the wrath of Beogh upon you.
Beogh smites you!
You die...

####..# .....#
##..B.# ...$.#
#.###..o.###
......>...
#.#.#.#..#######.
.)....o.o........
#.#....@........
............####
#.#............#
# #.......#.##.#.
#.............. #
#..#.#..#....#.
#.#..............
.......##<.......
.................


You could see 2 orc priests, an orc and a giant cockroach.

Vanquished Creatures
  A dart slug (D:1)
  An orc (D:2)
  An endoplasm (D:1)
  4 giant cockroaches
  A goblin (D:1)
  A hobgoblin (D:1)
  5 kobolds (D:1)
  A quokka (D:1)
  2 ball pythons (D:1)
  2 frilled lizards
  3 rats (D:1)
22 creatures vanquished.

Notes
Turn   | Place    | Note
-------+----------+-------------------------------------------
     0 | D:1      | robertstho the Naga Venom Mage began the quest for the Orb.
     0 | D:1      | Reached XP level 1. HP: 15/15 MP: 3/3
    96 | D:1      | Reached XP level 2. HP: 22/22 MP: 5/5
   118 | D:1      | Learned a level 2 spell: Poisonous Vapours
   575 | D:1      | Found Unkeash's Antique Armour Shoppe.
   891 | D:2      | Reached XP level 3. HP: 28/28 MP: 6/6
   898 | D:2      | Killed from afar by an orc priest

Illustrated notes

Levels and vault maps discovered:
D:1:      dpeg_arrival_simpleton_c, layout_rooms, serial_corexii_hall,
          corexii_hall_statues_u, corexii_hall_statues_l, serial_shops,
          nicolae_shop_statue_plus, hangedman_decor_diamond_cutter,
          minmay_pentomino_p4
D:2:      layout_basic, chequers_ecumenical_altar_twisty, minmay_pentomino_pile,
          uniq_terence

Action                   || total
-------------------------++-------
Melee: Quarterstaff      ||    12
 Cast: Sting             ||     7
       Poisonous Vapours ||     2
 Abil: Spit Poison       ||    17
  Use: Potion            ||     3
 Stab: Sleeping          ||     1
Armor: Robe              ||     2
Dodge: Dodged            ||     9

Table legend: (Time is in decaauts)
 A = Elapsed time spent in this place.
 B = Non-inter-level travel time spent in this place.
 C = Inter-level travel time spent in this place.
 D = Time resting spent in this place.
 E = Time spent auto-exploring this place.
 F = Levels seen in this place.
 G = Mean time per level.
                   A        B        C        D        E       F      G
               +--------+--------+--------+--------+--------+-----+--------+
         Total |   1132 |   1050 |     82 |      0 |    902 |   2 |  566.0 |
       Dungeon |   1132 |   1050 |     82 |      0 |    902 |   2 |  566.0 |
               +--------+--------+--------+--------+--------+-----+--------+

Top non-repeatable levels by time:
     D:1: 1071 daAuts
     D:2: 60 daAuts
